 Dungeon Crawl Stone Soup version 0.30-a0-390-g80c34de65d (webtiles) character file.

Game seed: 15918642794639691568

212 purpskrrrp the Conjurer (level 5, -3/52 HPs)
             Began as a Demonspawn Conjurer on Dec 4, 2022.
             Was a Priest of Uskayaw.
             Slain by Grinder (5 damage)
             ... on level 4 of the Dungeon.
             The game lasted 00:10:46 (4135 turns).

purpskrrrp the Conjurer (Demonspawn Conjurer)       Turns: 4135, Time: 00:10:47

Health: -3/52      AC: 22    Str:  7    XL:     5   Next: 58%
Magic:  0/9        EV:  2    Int: 24    God:    Uskayaw [***...]
Gold:   92         SH:  0    Dex: 11    Spells: 9/10 levels left

rFire   . . .      SeeInvis .    (no weapon)
rCold   . . .      Faith    .    b - orb {light}
rNeg    . . .      Spirit   .    (body armour currently unavailable)
rPois   +          Reflect  .    (helmet currently unavailable)
rElec   .          Harm     .    (cloak currently unavailable)
rCorr   .          Rampage  .    (gloves currently unavailable)
Will    .....      NoTele   +    (boots currently unavailable)
Stlth   +.........               (no amulet)
HPRegen 0.28/turn                i - +4 ring of evasion
MPRegen 0.11/turn                (no ring)

@: tree-form, glowing
A: stationary, stasis, torment immunity, boosted hp, (horns 1), big brain 1,
demonic magic 1
a: Renounce Religion, Stomp, Line Pass


You were on level 4 of the Dungeon.
You worshipped Uskayaw.
Uskayaw was noncommittal.
You were a tree.
You visited 1 branch of the dungeon, and saw 4 of its levels.

You collected 152 gold pieces.
You spent 60 gold pieces at shops.

Inventory:

Armour
 a - a +1 robe
 b - an orb of light (worn)
 g - a +2 robe of willpower (melded)
Jewellery
 i - a +4 ring of evasion (left branch)
 k - an amulet of faith
Scrolls
 p - a scroll of amnesia
Potions
 c - 3 potions of attraction
 d - a potion of might
 f - a potion of degeneration {unknown}
 j - a potion of heal wounds {unknown}
 l - a potion of mutation {unknown}
 m - a potion of berserk rage {unknown}


   Skills:
 + Level 3.0 Dodging
 - Level 1.7 Stealth
 + Level 3.1 Spellcasting
 * Level 5.7 Conjurations


You had 9 spell levels left.
You knew the following spells:

 Your Spells              Type           Power      Damage    Failure   Level
a - Magic Dart            Conj           100%       1d8       1%          1

Your spell library contained the following spells:

 Spells                   Type           Power      Damage    Failure   Level
 Searing Ray              Conj           62%        2d6       1%          2
 Shock                    Conj/Air       68%        1d7       3%          1
 Dazzling Flash           Conj/Hex       34%        N/A       10%         3
 Swiftness                Air            3%         N/A       32%         3
 Fulminant Prism          Conj/Hex       8%         3d7       32%         4
 Iskenderun's Mystic Bla  Conj/Tloc      17%        2d5       32%         4
 Airstrike                Air            1%         2d(1-17)  71%         4


Dungeon Overview and Level Annotations

Branches:
Dungeon (4/15)
 Temple: D:4-7

Altars:
Uskayaw

Shops:
D:3 *

Annotations:
D:4 Grinder


Innate Abilities, Weirdness & Mutations

You are a tree.
Your roots penetrate the ground, keeping you stationary.
You cannot be teleported.
You are immune to unholy pain and torment.
Your maximum health is greatly increased.
Your equipment is partially melded.
((You have a pair of small horns on your head.))
You have an unusually large brain. (Int +2)
Spells you cast may paralyse adjacent enemies.


Message History

The magic dart hits Grinder but does no damage.
Malevolent energies surge around you.
The orc suddenly stops moving!
The orc hits you but does no damage. Grinder hits you but does no damage.
You hit Grinder.
Grinder is lightly wounded.
The orc hits you but does no damage. Grinder hits you.
* * * LOW HITPOINT WARNING * * *
You writhe in agony.
* * * LOW HITPOINT WARNING * * *
You hit Grinder.
Grinder is moderately wounded.
The orc is no longer paralysed.
The orc barely misses you. x2
Grinder hits you but does no damage.
Uskayaw will force your foes to helplessly watch your dance.
Okay, then.
You hit the orc.
You kill the orc!
The orc hits you but does no damage.
Grinder blinks!
Uskayaw prepares the audience for your solo!
The helpless orc fails to defend itself.
You smack the orc!
You kill the orc!
Grinder is no longer paralysed.
You hit Grinder but do no damage.
Grinder is moderately wounded.
Grinder hits you.
* * * LOW HITPOINT WARNING * * *
You writhe in agony.
* * * LOW HITPOINT WARNING * * *
Uskayaw prepares the audience for your solo!
Casting: Magic Dart (safe; 1% risk of failure)
Confirm with . or Enter, or press ? or * to list all spells.
Aiming: Magic Dart (safe; 1% risk of failure)
Press: ? - help, Shift-Dir - straight line, f/p - Grinder
Aim: Grinder (moderately wounded, paralysed, haloed, 100% to hit)
The magic dart hits Grinder.
Grinder is moderately wounded.
Malevolent energies surge around you.
Grinder is no longer paralysed.
The orc is no longer paralysed.
Grinder hits you.
You die...

.......).#≈..#######..≈#
..$......#≈..## ###.$≈#
.........'...## ##.o≈#
..$......#≈..### ###o.≈#
.....!...#≈..#######o.≈#
#.$.....##≈.g#######..≈#
#.....?.##≈...........≈#
#.$....o##≈...........≈##
##.##..5♣#≈≈≈≈≈≈≈≈≈≈≈≈≈#.
#. #...#################
# #...# #..<....# #####
#.......# #.#.).#.#
#.#.###.. #.#.# ### #...#
#####


You could see Grinder and an orc.

Vanquished Creatures
  A necrophage (D:4)
  Natasha (D:4)
  An iguana (D:4)
  2 adders
  A worm (D:2)
  2 dart slugs
  4 orcs (D:4)
  5 endoplasms
  3 giant cockroaches (D:2)
  6 goblins
  3 hobgoblins
  7 jackals
  8 kobolds
  2 quokkas
  9 ball pythons
  5 bats
  2 frilled lizards
  2 rats
64 creatures vanquished.

Notes
Turn   | Place    | Note
-------+----------+-------------------------------------------
     0 | D:1      | purpskrrrp the Demonspawn Conjurer began the quest for the
                  | Orb.
     0 | D:1      | Reached XP level 1. HP: 13/13 MP: 3/3
    70 | D:1      | Found a faded altar of an unknown god.
    89 | D:1      | Prayed at the altar of an unknown god.
    89 | D:1      | Became a worshipper of Uskayaw the Reveller
    89 | D:1      | Reached * piety under Uskayaw
   268 | D:1      | Gained mutation: You have an unusually large brain. (Int
                  | +2) [demonic ancestry]
   268 | D:1      | Reached XP level 2. HP: 5/19 MP: 0/5
  1172 | D:2      | Reached ** piety under Uskayaw
  1175 | D:2      | Gained mutation: You have a pair of small horns on your
                  | head. [demonic ancestry]
  1175 | D:2      | Reached XP level 3. HP: 24/24 MP: 1/6
  2620 | D:3      | Found Sipp's General Store.
  2636 | D:3      | Bought a potion of curing for 36 gold pieces
  2636 | D:3      | Bought a scroll of identify for 24 gold pieces
  3173 | D:3      | Reached XP level 4. HP: 30/30 MP: 5/7
  3652 | D:4      | Reached skill level 5 in Conjurations
  3702 | D:4      | Noticed Natasha
  3706 | D:4      | Killed Natasha
  3758 | D:4      | Noticed a necrophage
  3763 | D:4      | Reached *** piety under Uskayaw
  3764 | D:4      | Killed a necrophage
  3765 | D:4      | Gained mutation: Spells you cast may paralyse adjacent
                  | enemies. [demonic ancestry]
  3765 | D:4      | Reached XP level 5. HP: 35/35 MP: 2/9
  4059 | D:4      | Noticed a phantom
  4076 | D:4      | Noticed a black bear
  4101 | D:4      | Noticed Grinder
  4119 | D:4      | Paralysed by Grinder for 4 turns
  4134 | D:4      | HP: 2/52 [Grinder (3)]
  4135 | D:4      | Slain by Grinder

Illustrated notes

Levels and vault maps discovered:
D:1:      shiori_arrival_maze, layout_basic, ebering_ecumenical_altar_mist
D:2:      layout_loops_ring
D:3:      layout_rooms, serial_rivers, chequers_serial_rivers_large_b,
          chequers_serial_rivers_micro_c, chequers_serial_rivers_micro_b,
          chequers_serial_rivers_micro_c, chequers_serial_rivers_small_a,
          chequers_serial_rivers_marsh, serial_shops, shop,
          chequers_decorated_corner
D:4:      layout_basic, grunt_gozag_breadcrumbs,
          minmay_temple_entry_sparse_star, kennysheep_path_1, uniq_natasha,
          uniq_grinder, uniq_pikel

Skill      XL: |  1  2  3  4  5 |
---------------+----------------+-----
Dodging        | 2 3 |  3.0
Conjurations   | 5 |  5.7
Spellcasting   | 3 |  3.1
Stealth        | |  1.7

Action                   |  1- 3 |  4- 6 || total
-------------------------+-------+-------++-------
Melee: Unarmed           |    71 |    20 ||    91
       Headbutt          |     4 |     4 ||     8
 Cast: Magic Dart        |    86 |    45 ||   131
  Use: Scroll            |     7 |     4 ||    11
       Potion            |     1 |     3 ||     4
 Stab: Sleeping          |     1 |       ||     1
       Paralysed         |       |     3 ||     3
Armor: Robe              |    14 |     9 ||    23
       Skin              |       |    14 ||    14
Dodge: Dodged            |    58 |    58 ||   116

Table legend: (Time is in decaauts)
 A = Elapsed time spent in this place.
 B = Non-inter-level travel time spent in this place.
 C = Inter-level travel time spent in this place.
 D = Time resting spent in this place.
 E = Time spent auto-exploring this place.
 F = Levels seen in this place.
 G = Mean time per level.
                   A        B        C        D        E       F      G
               +--------+--------+--------+--------+--------+-----+--------+
         Total |   4165 |   4098 |     67 |   1202 |   2434 |   4 | 1041.2 |
       Dungeon |   4165 |   4098 |     67 |   1202 |   2434 |   4 | 1041.2 |
               +--------+--------+--------+--------+--------+-----+--------+

Top non-repeatable levels by time:
     D:2: 1477 daAuts
     D:3: 1205 daAuts
     D:1: 992 daAuts
     D:4: 489 daAuts
